 Dungeon Crawl Stone Soup version 0.26-a0-215-g1b87330c0f (webtiles) character file.

Game seed: 7930916507921846991

55 BritishOli the Ducker (level 3, 0/28 HPs)
             Began as a Demonspawn Gladiator on July 6, 2020.
             Killed from afar by Sigmund (4 damage)
             ... with a magic dart
             ... on level 2 of the Dungeon.
             The game lasted 00:01:23 (1744 turns).

BritishOli the Ducker (Demonspawn Gladiator)        Turns: 1744, Time: 00:01:24

Health: 0/28       AC:  6    Str: 15    XL:     3   Next: 67%
Magic:  3/3        EV: 12    Int: 12    God:
Gold:   147        SH:  0    Dex: 14    Spells: 2/2 levels left

rFire    . . .     SeeInvis .   a - +0 long sword
rCold    . . .     Faith    .   (no shield)
rNeg     . . .     Spirit   .   i - +0 ring mail
rPois    .         Reflect  .   k - +0 helmet {Int+3}
rElec    .         Harm     .   (no cloak)
rCorr    .                      (no gloves)
MR       .....                  (no boots)
Stlth    ..........             (no amulet)
HPRegen  0.09/turn              (no ring)
MPRegen  0.08/turn              (no ring)

@: no status effects
A: hooves 1
a: no special abilities


You were on level 2 of the Dungeon.
You were not hungry.

You visited 1 branch of the dungeon, and saw 2 of its levels.

You collected 147 gold pieces.

Inventory:

Hand Weapons
 a - a +0 long sword (weapon)
Missiles
 d - 3 throwing nets (quivered)
Armour
 i - a +0 ring mail (worn)
 k - a +0 helmet of intelligence (worn)
Scrolls
 e - 4 scrolls of remove curse {unknown}
 g - a scroll of teleportation {unknown}
 l - 3 scrolls of identify {unknown}
 m - a scroll of enchant armour {unknown}
 r - a scroll of fog {unknown}
 t - a scroll of enchant weapon {unknown}
Potions
 b - a potion of might {unknown}
 c - a potion of heal wounds {unknown}
 h - a potion of resistance {unknown}
 j - 2 potions of lignification {unknown}
 n - a potion of invisibility
 o - a potion of brilliance {unknown}
 p - a potion of magic {unknown}
 q - a potion of stabbing {unknown}
 s - a potion of curing {unknown}
Comestibles
 f - 4 rations


   Skills:
 + Level 2.6 Fighting
 * Level 3.0 Long Blades
 + Level 2.2 Throwing
 + Level 1.1 Armour
 - Level 3.0 Dodging


You had 2 spell levels left.
You didn't know any spells.
Your spell library was empty.

Dungeon Overview and Level Annotations

Branches:
Dungeon (2/15)

Altars:
Qazlal

Annotations:
D:2 Sigmund


Innate Abilities, Weirdness & Mutations

You have large cloven feet.


Message History

You closely miss something. Your kick misses something.
Something barely misses you.
You miss something. Your kick misses something. Something hits you.
You hit something. Your kick misses something.
You hear some strange, mumbled words.
You are confused.
Something barely misses you.
You're too confused to move!
You miss something. Your kick misses something. Something hits you.
Something completely misses you.
You feel less confused. Something hits you!
* * * LOW HITPOINT WARNING * * *
You hear some strange, mumbled words.
A puff of flame appears from out of thin air!
The puff of flame hits you.
* * * LOW HITPOINT WARNING * * *
A magic dart appears from out of thin air!
The magic dart hits you.
You die...

#.# .# #.# ###.#
########.########## ###...###
.......>.)........# #E#...#E#
#######.)########.# ####...####
#######..#.######.# #.........#
.........#........# #...._....#
######...#...########.........#
#..........@..{.###...####
######..####.#########E#...#E#
.............# #..###...###
#######.###########.#####....#
..(.....................##...#
#######..##########.###.##...#
......##.## #)# #.##...#
......##..# ####.###.##...#
......###.######........##...#


There were no monsters in sight!

Vanquished Creatures
  An adder (D:2)
  An ooze (D:1)
  3 leopard geckos
  5 bats
  3 giant cockroaches
  5 goblins
  6 hobgoblins (D:1)
  7 kobolds
  4 frilled lizards
  A rat (D:1)
36 creatures vanquished.

Notes
Turn   | Place    | Note
-------+----------+-------------------------------------------
     0 | D:1      | BritishOli the Demonspawn Gladiator began the quest for the
                  | Orb.
     0 | D:1      | Reached XP level 1. HP: 16/16 MP: 1/1
   254 | D:1      | Gained mutation: You have large cloven feet. [demonic
                  | ancestry]
   254 | D:1      | Reached XP level 2. HP: 16/22 MP: 2/2
   852 | D:1      | Reached XP level 3. HP: 28/28 MP: 3/3
  1347 | D:2      | Reached skill level 1 in Armour
  1717 | D:2      | Noticed a water elemental
  1718 | D:2      | Found a stormy altar of Qazlal.
  1720 | D:2      | Noticed Sigmund
  1721 | D:2      | Noticed an earth elemental
  1721 | D:2      | Noticed a fire elemental
  1721 | D:2      | Noticed an air elemental
  1744 | D:2      | Killed from afar by Sigmund

Illustrated notes

Levels and vault maps discovered:
D:1:      heliophobic_arrival_glass_houses, layout_loops_ring
D:2:      layout_basic, nicolae_qazlal_style_of_elements,
          hangedman_decor_growths, uniq_sigmund, uniq_crazy_yiuf_cottage

Skill      XL: |  1  2  3 |
---------------+----------+-----
Throwing       | 2 |  2.2
Dodging        | 3 |  3.0
Long Blades    | 3 |  3.0
Armour         | 1 |  1.1
Fighting       | |  2.6

Action                   || total
-------------------------++-------
Melee: Long sword        ||    83
       Kick              ||    15
  Eat: Ration            ||     1
Armor: Ring mail         ||    24
       Leather armour    ||     3
Dodge: Dodged            ||    59
       Rpst.: Long sword ||    20

Table legend:
 A = Non-vault XP
 B = Vault XP
 C = Vault XP percentage of total XP
 D = Non-vault monster count
 E = Vault monster count
 F = Vault count percentage of total count
                 A         B        C        D         E       F
            +---------+---------+-------+---------+---------+-------
      Total |      79 |       0 |   0.0 |      36 |       0 |   0.0
            +---------+---------+-------+---------+---------+-------
        D:1 |      43 |       0 |   0.0 |      21 |       0 |   0.0
        D:2 |      36 |       0 |   0.0 |      15 |       0 |   0.0
            +---------+---------+-------+---------+---------+-------
